[Event "Late-Titled-Tuesday-Blitz-October-03-2023"]
[Site "Chess.com"]
[Date "2023.10.03"]
[Round "2"]
[White "bipe137"]
[Black "Angry_Twin"]
[Result "0-1"]
[WhiteElo "2569"]
[BlackElo "2925"]
[TimeControl "180+1"]
[EndTime "14:14:21 PDT"]
[Termination "Angry_Twin won by resignation"]

1. d4 Nf6 2. c4 e6 3. Nc3 Bb4 4. f3 d5 5. a3 Bxc3+ 6. bxc3 c5 7. cxd5 exd5 8. e3 O-O 9. Bd3 b6 10. Ne2 Ba6 11. O-O Bxd3 12. Qxd3 Re8 13. Ng3 Nc6 14. Bb2 h5 15. e4 c4 16. Qc2 h4 17. Nf5 dxe4 18. fxe4 Nxe4 19. Rae1 Qd5 20. Ne3 Qg5 21. Nxc4 Nf6 22. Bc1 Qd5 23. Ne3 Qe4 24. Qf2 h3 25.
gxh3 Qg6+ 26. Qg2 Qxg2+ 27. Kxg2 Ne4 28. Nd1 Na5 29. Rf4 Nd6 30. Rff1 Nac4 31. Kf3 f6 32. Ne3 Nxe3 33. Rxe3 Nc4 34. Rxe8+ Rxe8 35. Kf2 Kf7 36. h4 Re4 37. Re1 Rxh4 38. Kg3 Rh8 39. Re4 Nd6 40.
Re3 Rc8 41. Rd3 Rxc3 42. Rxc3 Ne4+ 43. Kf4 Nxc3 44. Bb2 Nd5+ 45. Ke4 Ke6 46. a4 f5+ 47. Kf3 g6 48. Ba3 Nc3 0-1

[Event "Late-Titled-Tuesday-Blitz-October-03-2023"]
[Site "Chess.com"]
[Date "2023.10.03"]
[Round "2"]
[White "chessmoo"]
[Black "ritanovikova"]
[Result "1-0"]
[WhiteElo "2450"]
[BlackElo "2184"]
[TimeControl "180+1"]
[EndTime "14:14:21 PDT"]
[Termination "chessmoo won by checkmate"]

1. c4 g6 2. g3 Bg7 3. Bg2 d6 4. Nc3 Nf6 5. d4 O-O 6. h3 e5 7. Nf3 Nc6 8. Be3 exd4 9. Nxd4 Nxd4 10. Bxd4 c6 11. O-O Qc7 12. Rc1 Be6 13. b3 Qd7 14. Kh2 d5 15. cxd5 Nxd5 16. Bxg7 Kxg7 17. Nxd5 cxd5 18.
Qd4+ f6 19. Rfd1 Rfd8 20. Rc5 b6 21. Rc3 Rac8 22. Rxc8 Rxc8 23. Rd2 Rc5 24. e4 Qc7 25.
exd5 Bd7 26. d6 Qd8 27. Re2 g5 28. Re7+ Kg6 29. Be4+ Bf5 30. g4 Bxe4 31. Qxe4+ f5 32. Qe6# 1-0

[Event "Late-Titled-Tuesday-Blitz-October-03-2023"]
[Site "Chess.com"]
[Date "2023.10.03"]
[Round "2"]
[White "BilodeauA"]
[Black "vanyakuba"]
[Result "1-0"]
[WhiteElo "2905"]
[BlackElo "2375"]
[TimeControl "180+1"]
[EndTime "14:14:22 PDT"]
[Termination "BilodeauA won by resignation"]

1. d4 d5 2. Bf4 c5 3. e3 Nc6 4. c3 Nf6 5. Nd2 g6 6. Ngf3 Bg7 7. h3 Nd7 8. Bb5 O-O 9. O-O Qb6 10. a4 a6 11. Bxc6 Qxc6 12. b4 c4 13. a5 f6 14. Bh2 e5 15. dxe5 fxe5 16. e4 d4 17.
cxd4 exd4 18. e5 Qd5 19. Rc1 Nxe5 20. Nxe5 Bxe5 21. Bxe5 Qxe5 22. Nxc4 Qf6 23. Nb6 Rb8 24. Rc4 Rd8 25. Re1 Bf5 26. Rc7 Re8 27. Nd5 Rxe1+ 28.
Qxe1 Qd6 29. Qe7 Qxe7 30. Nxe7+ Kf8 31. Nxf5 gxf5 32. Rxh7 1-0

[Event "Late-Titled-Tuesday-Blitz-October-03-2023"]
[Site "Chess.com"]
[Date "2023.10.03"]
[Round "2"]
[White "GMForgacs"]
[Black "flukeyNZ"]
[Result "1-0"]
[WhiteElo "2438"]
[BlackElo "2136"]
[TimeControl "180+1"]
[EndTime "14:14:23 PDT"]
[Termination "GMForgacs won by resignation"]

1. e4 e6 2. d4 d5 3. Nc3 Nf6 4. e5 Nfd7 5. f4 c5 6. Nf3 Nc6 7. Be3 Be7 8. Qd2 O-O 9. h4 cxd4 10. Nxd4 Nxd4 11. Bxd4 Bc5 12. O-O-O Qb6 13. Na4 Bxd4 14. Nxb6 Bxb6 15. Bd3 Nc5 16. h5 Bd7 17. g4 Rac8 18. g5 Rc7 19. Kb1 Rfc8 20. Bxh7+ Kxh7 21. g6+ Kg8 22. h6 Ne4 23. Qg2 fxg6 24. hxg7 Ba4 25. Qxg6 Bxc2+ 26. Ka1 Rxg7 27. Qxe6+ 1-0

[Event "Late-Titled-Tuesday-Blitz-October-03-2023"]
[Site "Chess.com"]
[Date "2023.10.03"]
[Round "2"]
[White "leoduarte"]
[Black "RebecaJimnz"]
[Result "1-0"]
[WhiteElo "2455"]
[BlackElo "2193"]
[TimeControl "180+1"]
[EndTime "14:14:25 PDT"]
[Termination "leoduarte won by resignation"]

1. d4 d5 2. c4 e6 3. Nf3 c6 4. g3 Nf6 5. Qc2 Be7 6. Nbd2 O-O 7. Bg2 Nbd7 8. O-O Bd6 9. Rd1 Qe7 10. Re1 dxc4 11. Nxc4 Bc7 12. e4 b5 13. Ncd2 Bb7 14. Nb3 Bb6 15. e5 Nd5 16. Ng5 g6 17. Ne4 c5 18.
dxc5 Rac8 19. Nd6 Bxc5 20. Nxb7 Bb4 21. Qe2 Bxe1 22. Qxe1 Nxe5 23. Qxe5 Qxb7 24. Bh6 1-0

[Event "Late-Titled-Tuesday-Blitz-October-03-2023"]
[Site "Chess.com"]
[Date "2023.10.03"]
[Round "2"]
[White "Lennis93"]
[Black "littlepinkyboy"]
[Result "1-0"]
[WhiteElo "2712"]
[BlackElo "2424"]
[TimeControl "180+1"]
[EndTime "14:14:29 PDT"]
[Termination "Lennis93 won on time"]

1. c4 Nf6 2. g3 g6 3. Bg2 Bg7 4. Nc3 O-O 5. d3 e6 6. e4 d6 7. d4 c5 8. Nge2 Nc6 9. d5 exd5 10.
cxd5 Ne7 11. h3 a6 12. a4 Nd7 13. g4 f5 14. gxf5 gxf5 15. Nf4 Ne5 16. Nh5 fxe4 17. Bxe4 Bf5 18. Nxg7 Kxg7 19. Rg1+ N7g6 20. Qh5 Bxe4 21. Bh6+ Kh8 22. Nxe4 Nf3+ 23. Kf1 Nxg1 24. Bxf8 Qxf8 25. Ng5 Qg7 26. Re1 Rg8 27. h4 h6 28. Re6 Nh3 29.
Nxh3 1-0

[Event "Late-Titled-Tuesday-Blitz-October-03-2023"]
[Site "Chess.com"]
[Date "2023.10.03"]
[Round "2"]
[White "RETURNOFTHELAGGER"]
[Black "BRYANtheBUTCHER"]
[Result "1-0"]
[WhiteElo "2673"]
[BlackElo "2296"]
[TimeControl "180+1"]
[EndTime "14:14:34 PDT"]
[Termination "RETURNOFTHELAGGER won by resignation"]

1. e4 e5 2. Nc3 Nf6 3. f4 d5 4.
fxe5 Nxe4 5. Qf3 Nxc3 6. dxc3 Nc6 7. Bf4 Be6 8. O-O-O Qd7 9. h3 O-O-O 10. Kb1 g6 11. Bb5 a6 12. Ba4 Bg7 13. Ne2 b5 14. Bb3 Nxe5 15.
Qf2 Kb8 16. Nd4 c6 17. Rhe1 f6 18. a4 Kb7 19. axb5 axb5 20. g4 Bf7 21. g5 Nc4 22. Bxc4 bxc4 23. gxf6 Bxf6 24. Bh2 Bxd4 25. Qxd4 Rc8 26.
Qxc4 dxc4 27. Rxd7+ Rc7 28. Rxc7+ 1-0

[Event "Late-Titled-Tuesday-Blitz-October-03-2023"]
[Site "Chess.com"]
[Date "2023.10.03"]
[Round "2"]
[White "Mesa_1"]
[Black "MarkoPe"]
[Result "1-0"]
[WhiteElo "2617"]
[BlackElo "2348"]
[TimeControl "180+1"]
[EndTime "14:14:35 PDT"]
[Termination "Mesa_1 won by resignation"]

1. Nf3 c6 2. d4 d6 3. c4 Nd7 4. Nc3 Ngf6 5. e4 g6 6. Be2 Bg7 7. Be3 O-O 8. h3 e5 9. d5 Qc7 10. Nd2 a5 11. g4 Nc5 12. b3 Bd7 13. a3 Ne8 14. Rg1 Kh8 15. h4 f5 16. gxf5 gxf5 17. h5 f4 18. Bxc5 dxc5 19. Bg4 Bxg4 20. Qxg4 Nf6 21.
Qh3 Bh6 22. Nf3 Rg8 23. Rxg8+ Rxg8 24. Qf5 Ng4 25. Ke2 Rf8 26. Qxg4 Rg8 27. Qe6 1-0

[Event "Late-Titled-Tuesday-Blitz-October-03-2023"]
[Site "Chess.com"]
[Date "2023.10.03"]
[Round "2"]
[White "IamSchrodingersCat"]
[Black "Nor1lsk"]
[Result "0-1"]
[WhiteElo "2512"]
[BlackElo "2727"]
[TimeControl "180+1"]
[EndTime "14:14:53 PDT"]
[Termination "Nor1lsk won on time"]

1. e4 c5 2. Nf3 e6 3. d3 Nc6 4. Nbd2 g6 5. g3 Bg7 6. Bg2 Nge7 7. O-O O-O 8. Re1 d6 9. a4 h6 10. c3 e5 11. Nc4 Be6 12. Qc2 f5 13. exf5 gxf5 14.
b3 Ng6 15. Bb2 d5 16. Ncxe5 Ngxe5 17. Nxe5 Nxe5 18. d4 f4 19. dxe5 f3 20. Bh1 Qe8 21. Re3 Qh5 22. Qd1 Bg4 23. Qxd5+ Kh8 24. Rd1 Rae8 25.
c4 Rf5 26. Qxc5 Qh3 27. Qd5 Ref8 28. Rde1 Rh5 29. Bxf3 Qxh2+ 30. Kf1 Rhf5 0-1

[Event "Late-Titled-Tuesday-Blitz-October-03-2023"]
[Site "Chess.com"]
[Date "2023.10.03"]
[Round "2"]
[White "angelgab3"]
[Black "Zhigalko_Sergei"]
[Result "0-1"]
[WhiteElo "2573"]
[BlackElo "2932"]
[TimeControl "180+1"]
[EndTime "14:14:55 PDT"]
[Termination "Zhigalko_Sergei won by resignation"]

1. e4 c5 2. Nf3 Nc6 3. d4 cxd4 4.
Nxd4 Nf6 5. Nc3 e5 6. Ndb5 d6 7. Bg5 a6 8. Na3 b5 9. Bxf6 gxf6 10. Nd5 Bg7 11. Bd3 Ne7 12. Nxe7 Qxe7 13. c4 f5 14.
O-O O-O 15. Qf3 d5 16. cxd5 fxe4 17. Bxe4 Rb8 18. Rac1 Qd7 19. d6 f5 20. Bd5+ Kh8 21. Rfd1 Qxd6 22. Rc6 Qe7 23. Nc2 Bb7 24. Re6 Qxe6 25.
Bxe6 Bxf3 26. gxf3 e4 27. f4 Rbd8 28. Rxd8 Rxd8 29.
Bxf5 Bxb2 30. Bxe4 a5 31. Kf1 Rd2 32. h4 b4 33. Ne3 Bd4 0-1

[Event "Late-Titled-Tuesday-Blitz-October-03-2023"]
[Site "Chess.com"]
[Date "2023.10.03"]
[Round "2"]
[White "miraitrunks"]
[Black "GP9isback23"]
[Result "1-0"]
[WhiteElo "2204"]
[BlackElo "2632"]
[TimeControl "180+1"]
[EndTime "14:14:55 PDT"]
[Termination "miraitrunks won by resignation"]

1. e4 c5 2. Nf3 e6 3. c3 Nf6 4.
Bd3 d5 5. e5 Nfd7 6. Bc2 d4 7.
cxd4 cxd4 8. O-O Nc6 9. Ba4 Bc5 10. d3 O-O 11. Bxc6 bxc6 12. Nbd2 Qc7 13. Qe2 Ba6 14. Ne4 Bb6 15. Rd1 c5 16. Bg5 Nxe5 17. Bf4 Nxf3+ 18.
Qxf3 e5 19. Bg3 f5 20. Ng5 g6 21. Qd5+ Rf7 22. Nxf7 Bb7 23. Nh6+ Kg7 24. Nxf5+ gxf5 25. Bxe5+ Kf8 26. Bd6+ 1-0

[Event "Late-Titled-Tuesday-Blitz-October-03-2023"]
[Site "Chess.com"]
[Date "2023.10.03"]
[Round "2"]
[White "Arystanner"]
[Black "Maestro1986"]
[Result "0-1"]
[WhiteElo "2825"]
[BlackElo "2557"]
[TimeControl "180+1"]
[EndTime "14:14:59 PDT"]
[Termination "Maestro1986 won by resignation"]

1. e4 c5 2. Nf3 Nf6 3. Nc3 d5 4. exd5 Nxd5 5. Bb5+ Bd7 6. Ne5 Bxb5 7. Qf3 f6 8. Nxb5 fxe5 9. Qxd5 Qxd5 10. Nc7+ Kd7 11. Nxd5 e6 12. Ne3 Nc6 13. d3 Bd6 14. Bd2 Rhf8 15.
f3 b5 16. a4 a6 17. O-O Nd4 18. Bc3 h5 19. b3 Ne2+ 20. Kh1 Nxc3 21. Rfe1 Nd5 22.
Nf1 h4 23. h3 Bc7 24. Re4 Rf4 25.
Re2 bxa4 26. c4 Nb4 27. Rxa4 Nxd3 28. Rd2 Rd4 29. Ne3 Nf4 30. Rda2 a5 31. Kg1 Rd3 32. Nf1 Rxb3 33. Nd2 Rd3 34. Ne4 Kc6 35. Rb2 Rad8 36. Rb5 Bb6 37. Ra2 Rd1+ 38. Kh2 Nd3 39. Ra3 Nb4 40.
Re3 R8d3 41. Re2 a4 42. Nf2 R3d2 43. Rxe5 Rxf2 44. Rxe6+ Rd6 0-1

[Event "Late-Titled-Tuesday-Blitz-October-03-2023"]
[Site "Chess.com"]
[Date "2023.10.03"]
[Round "2"]
[White "jguerramzllo"]
[Black "egnfanclub"]
[Result "1-0"]
[WhiteElo "2714"]
[BlackElo "2404"]
[TimeControl "180+1"]
[EndTime "14:15:00 PDT"]
[Termination "jguerramzllo won by resignation"]

1. e4 e5 2. Nf3 Nc6 3. d4 exd4 4. Nxd4 Bc5 5. Nxc6 Qf6 6. Qd2 dxc6 7. Nc3 Qe7 8.
Bd3 Nf6 9. O-O Be6 10. Na4 O-O-O 11. Nxc5 Qxc5 12. Qe3 Qxe3 13. Bxe3 Nd7 14. f4 f6 15. Rad1 c5 16. b3 Rhe8 17. Kf2 b6 18. Ba6+ Kb8 19. Rd2 Nf8 20. Rfd1 Rxd2+ 21. Rxd2 Bc8 22.
Bb5 Rxe4 23. Rd8 Ng6 24. Ba6 Ne7 25. Re8 f5 26. g4 fxg4 27. Bxc8 1-0

[Event "Late-Titled-Tuesday-Blitz-October-03-2023"]
[Site "Chess.com"]
[Date "2023.10.03"]
[Round "2"]
[White "nicholas_ilic"]
[Black "dennisodessa"]
[Result "0-1"]
[WhiteElo "2228"]
[BlackElo "2473"]
[TimeControl "180+1"]
[EndTime "14:15:01 PDT"]
[Termination "dennisodessa won on time"]

1. e4 e6 2. d4 d5 3. e5 c5 4. c3 Qa5 5. a3 Bd7 6. b4 cxb4 7. cxb4 Bxb4+ 8. Bd2 Bxd2+ 9. Nxd2 Nc6 10. Nf3 Nh6 11. Bd3 O-O 12. O-O f6 13. Nb3 Qc7 14. exf6 Rxf6 15.
Nc5 Raf8 16. Rc1 Ng4 17. Nxd7 Rxf3 18. Ne5 Ngxe5 19. dxe5 R3f4 20. Re1 Qb6 0-1

[Event "Late-Titled-Tuesday-Blitz-October-03-2023"]
[Site "Chess.com"]
[Date "2023.10.03"]
[Round "2"]
[White "maksimys18"]
[Black "Garmendiarov"]
[Result "1-0"]
[WhiteElo "2510"]
[BlackElo "2309"]
[TimeControl "180+1"]
[EndTime "14:15:06 PDT"]
[Termination "maksimys18 won by resignation"]

1. d4 f5 2. Nf3 Nf6 3. c4 g6 4.
Nc3 Bg7 5. Bg5 d6 6. e3 Nbd7 7. Be2 O-O 8. O-O c6 9. Qc2 h6 10. Bh4 e5 11. dxe5 dxe5 12. h3 g5 13. Bg3 f4 14.
exf4 exf4 15. Bh2 Qe7 16. Rfe1 Ne5 17. Nxe5 Qxe5 18. Bd3 Qc5 19. Rad1 Bd7 20. a3 a5 21. Ne4 Nxe4 22. Bxe4 Bf5 23. Bxf5 Qxf5 24. Qxf5 Rxf5 25. Re7 Rf7 26. Rxf7 Kxf7 27. Rd7+ Kg6 28. Rxb7 Rd8 29. g4 Rd1+ 30. Kg2 Rd2 31. b4 axb4 32. axb4 Bd4 33. Bg1 Rd1 34. Rc7 f3+ 35. Kxf3 Rxg1 36. Rxc6+ Kg7 37.
b5 Rf1 38. b6 Rxf2+ 39. Ke4 Bxb6 40. Rxb6 Rh2 41. Rb3 Rc2 42. Kd5 h5 43. gxh5 Kh6 44. c5 Kxh5 45. c6 Kg6 46. Kd6 Kf6 47. Rf3+ Kg6 48. c7 g4 49. hxg4 Kg5 50. Rd3 Kxg4 51. Kd7 Rd2 52. Rxd2 1-0

[Event "Late-Titled-Tuesday-Blitz-October-03-2023"]
[Site "Chess.com"]
[Date "2023.10.03"]
[Round "2"]
[White "GGuseinov"]
[Black "FoxOnTheRun97"]
[Result "1-0"]
[WhiteElo "2878"]
[BlackElo "2545"]
[TimeControl "180+1"]
[EndTime "14:15:08 PDT"]
[Termination "GGuseinov won by resignation"]

1. e4 c6 2. d4 d5 3. Nd2 dxe4 4. Nxe4 Bf5 5. Ng3 Bg6 6. h4 h6 7. Nf3 Nd7 8. h5 Bh7 9. Bd3 Bxd3 10. Qxd3 e6 11.
Bd2 Ngf6 12. O-O-O Qc7 13. Ne4 Nxe4 14. Qxe4 Nf6 15.
Qe2 Bd6 16. g3 O-O-O 17. c4 c5 18. Bc3 cxd4 19. Nxd4 a6 20. Nb3 Be7 21. Kb1 Rxd1+ 22. Rxd1 Rd8 23. Rc1 Qc6 24. Na5 Qe4+ 25. Qxe4 Nxe4 26.
Bxg7 Nxf2 27. Rf1 Ne4 28. Rxf7 Rd1+ 29. Kc2 Rd2+ 30. Kb3 Rd3+ 31. Bc3 Nxc3 32. bxc3 Bg5 33. Nxb7 e5 34. c5 e4 35. Nd6+ Kd8 36. Nxe4 Be7 37. Kc4 Re3 38. Kd5 Re2 39. Nd6 Bxd6 40. Kxd6 Rd2+ 41. Kc6 Rd3 42. g4 Rxc3 43. g5 hxg5 44. h6 Rh3 45. h7 Rh6+ 46. Kb7 Ke8 47. Rg7 Rxh7 48. Rxh7 1-0

[Event "Late-Titled-Tuesday-Blitz-October-03-2023"]
[Site "Chess.com"]
[Date "2023.10.03"]
[Round "2"]
[White "as9killer2"]
[Black "KNVB"]
[Result "1-0"]
[WhiteElo "2493"]
[BlackElo "2691"]
[TimeControl "180+1"]
[EndTime "14:15:09 PDT"]
[Termination "as9killer2 won by checkmate"]

1. c4 e5 2. Nc3 Nf6 3. Nf3 Nc6 4. e3 Bb4 5. Qc2 Bxc3 6. bxc3 Qe7 7. e4 d6 8. g3 O-O 9. Bg2 Nd7 10. Nh4 Nc5 11. O-O g6 12. f4 f6 13.
d3 Be6 14. f5 Bf7 15. fxg6 hxg6 16. Bh6 Rfe8 17. Rf2 Nd7 18. Bh3 Kh7 19. Bxd7 Qxd7 20. Rxf6 Kxh6 21. Nf5+ Kh7 22. Qd2 gxf5 23. Rh6+ Kg7 24.
Qg5+ Kf8 25. Rh8+ Bg8 26. Rxg8+ Kf7 27. Rg7+ Kf8 28. Qf6+ Qf7 29. Qxf7# 1-0

[Event "Late-Titled-Tuesday-Blitz-October-03-2023"]
[Site "Chess.com"]
[Date "2023.10.03"]
[Round "2"]
[White "LuisFSiles"]
[Black "Evandro_Barbosa"]
[Result "0-1"]
[WhiteElo "2288"]
[BlackElo "2670"]
[TimeControl "180+1"]
[EndTime "14:15:09 PDT"]
[Termination "Evandro_Barbosa won on time"]

1. e4 c5 2. Nf3 e6 3. c3 Nf6 4. e5 Nd5 5. Bc4 d6 6. d4 cxd4 7. cxd4 Be7 8. O-O O-O 9. Qe2 b6 10. Nc3 Nxc3 11. bxc3 Bb7 12. Bd3 Nd7 13. exd6 Bxd6 14.
a4 Qc7 15. Bd2 Bf4 16. Bxf4 Qxf4 17. Qe3 Qc7 18. c4 Rfd8 19. Rfd1 Rac8 20. Ng5 Nf6 21. Ne4 Bxe4 22. Bxe4 Qxc4 23. Bb7 Rb8 24. Rac1 Qxa4 25.
Bf3 Qb4 26. Qe5 Qd6 27. Qe3 Nd5 28. Qd2 a5 29. g3 Nb4 30. Rc4 g6 31. Rdc1 b5 32. Rc7 Qxd4 33. Qh6 Qg7 34. Qf4 Nd3 0-1

[Event "Late-Titled-Tuesday-Blitz-October-03-2023"]
[Site "Chess.com"]
[Date "2023.10.03"]
[Round "2"]
[White "jcibarra"]
[Black "zajka-molotok"]
[Result "1-0"]
[WhiteElo "2946"]
[BlackElo "2576"]
[TimeControl "180+1"]
[EndTime "14:15:18 PDT"]
[Termination "jcibarra won by resignation"]

1. e4 c6 2. Nf3 d5 3. d3 dxe4 4. dxe4 Qxd1+ 5. Kxd1 f6 6. Nfd2 e5 7. f3 Be6 8. a4 Bc5 9. c3 a5 10. Kc2 Nd7 11. Bc4 Kf7 12. Bxe6+ Kxe6 13. Nb3 Bb6 14.
N1d2 Ne7 15. Nc4 Bc7 16. Be3 Rhd8 17. Rhd1 Ng6 18. Rd2 Ke7 19. Rad1 Ngf8 20. Nc5 Nxc5 21. Bxc5+ Ke8 22. Rxd8+ Rxd8 23. Rxd8+ Bxd8 24. Nd6+ Kd7 25. Nxb7 Ne6 26. Be3 Kc8 27. Nxd8 Nxd8 28. Bb6 Nb7 29. Kd3 Kd7 30. b4 c5 31. b5 Kd6 32. Kc4 g6 33. g4 h5 34. gxh5 gxh5 35. h4 1-0

[Event "Late-Titled-Tuesday-Blitz-October-03-2023"]
[Site "Chess.com"]
[Date "2023.10.03"]
[Round "2"]
[White "Alexei_Gubajdullin"]
[Black "PositionalPanther"]
[Result "1-0"]
[WhiteElo "2763"]
[BlackElo "2526"]
[TimeControl "180+1"]
[EndTime "14:15:18 PDT"]
[Termination "Alexei_Gubajdullin won by resignation"]

1. d4 d5 2. Nf3 e6 3. Bf4 Bd6 4. Bg3 Bxg3 5. hxg3 Nf6 6. Nbd2 Nbd7 7. e3 O-O 8. Bd3 h6 9. Ne5 c5 10. c3 Nxe5 11. dxe5 Nd7 12. Qh5 f5 13. exf6 Qxf6 14. Nf3 e5 15. e4 c4 16. Bc2 d4 17. cxd4 exd4 18. Qd5+ Kh8 19. Qxd4 Qxd4 20. Nxd4 Nc5 21. f3 a6 22. O-O-O b5 23. Rh5 Ne6 24. Nxe6 Bxe6 25. g4 Kg8 26. Re5 Kf7 27. Rd6 Rfe8 28. Rb6 g5 29. a3 Kf6 30. Rc5 Rec8 31. e5+ Ke7 32. Rxc8 Rxc8 33. Rxe6+ 1-0

[Event "Late-Titled-Tuesday-Blitz-October-03-2023"]
[Site "Chess.com"]
[Date "2023.10.03"]
[Round "2"]
[White "Chessnut2018"]
[Black "AsaHoffmann"]
[Result "0-1"]
[WhiteElo "1261"]
[BlackElo "2376"]
[TimeControl "180+1"]
[EndTime "14:15:19 PDT"]
[Termination "AsaHoffmann won on time"]

1. d4 Nf6 2. c4 c5 3. e3 g6 4. Nc3 Bg7 5. Nf3 O-O 6. Be2 d6 7. O-O Nbd7 8. a3 b6 9. d5 a6 10.
e4 Qc7 11. Re1 e6 12. h3 e5 13. Be3 Nh5 14. Bf1 Rb8 15. Rb1 Qd8 16. g4 Nf4 17.
b4 f5 18. g5 Qe7 19. Bxf4 exf4 20. exf5 Be5 21. Nxe5 Nxe5 22. f6 Qd7 23. Ne4 Qf5 24.
f3 Bd7 25. bxc5 bxc5 26. Rxb8 Rxb8 27. Bd3 Qxh3 28. Nxd6 Nxf3+ 29. Kf2 Qg3+ 30. Ke2 Rb2+ 31. Bc2 Nd4+ 0-1

[Event "Late-Titled-Tuesday-Blitz-October-03-2023"]
[Site "Chess.com"]
[Date "2023.10.03"]
[Round "2"]
[White "BardArtem"]
[Black "szachuspl"]
[Result "1/2-1/2"]
[WhiteElo "2784"]
[BlackElo "2540"]
[TimeControl "180+1"]
[EndTime "14:15:20 PDT"]
[Termination "Game drawn by repetition"]

1. e4 g6 2. d4 Bg7 3. Nc3 d6 4.
Nf3 a6 5. a4 Nc6 6. h3 Nf6 7.
Bd3 O-O 8. O-O e5 9. Be3 Re8 10.
d5 Ne7 11. Ne2 Nh5 12. Ng3 Nf4 13. c4 Rf8 14. c5 f5 15. exf5 Nxd3 16. f6 Bxf6 17.
Qxd3 Nf5 18. Ne4 Nxe3 19. Qxe3 Bf5 20. Rac1 Be7 21. Rfd1 Bxe4 22. Qxe4 Rf4 23. Qc2 dxc5 24. Nxe5 Bd6 25. Nd3 Rf5 26. Nxc5 Bf4 27. Ne6 Qd6 28. Nxf4 Qxf4 29. Qxc7 Qxf2+ 30. Kh1 Raf8 31. d6 Rf3 32. d7 Rxh3+ 33. gxh3 Qf3+ 34. Kg1 Qf2+ 35. Kh1 Qf3+ 36. Kg1 Qf2+ 37. Kh1 1/2-1/2

[Event "Late-Titled-Tuesday-Blitz-October-03-2023"]
[Site "Chess.com"]
[Date "2023.10.03"]
[Round "2"]
[White "rasmussvane"]
[Black "filipluczak05"]
[Result "1-0"]
[WhiteElo "2995"]
[BlackElo "2593"]
[TimeControl "180+1"]
[EndTime "14:15:21 PDT"]
[Termination "rasmussvane won by resignation"]

1. Nf3 g6 2. d4 Bg7 3. g3 Nf6 4.
Bg2 d6 5. O-O O-O 6. Re1 Nbd7 7.
e4 e5 8. Nc3 c6 9. a4 Qc7 10. h3 Re8 11. Be3 exd4 12. Bxd4 Ne5 13. Nd2 Be6 14. f4 Ned7 15. Nf1 Rad8 16. g4 c5 17. Bf2 Bc4 18. Ne3 Ba6 19. Bf3 Nb6 20. g5 d5 21. gxf6 dxe4 22. Ned5 Nxd5 23. Nxd5 Qc6 24.
Rxe4 Bf8 25. Rxe8 Qxe8 26. Qe1 Qd7 27. Ne7+ Kh8 28. Rd1 Qe8 29. Rxd8 Qxd8 30. Bxc5 Qd7 31. Nxg6+ hxg6 32. Bxf8 Qxh3 33. Bg2 Qc8 34. Qh4+ Kg8 35. Bg7 Qc5+ 36. Kh2 Qh5 37. Qxh5 gxh5 1-0

[Event "Late-Titled-Tuesday-Blitz-October-03-2023"]
[Site "Chess.com"]
[Date "2023.10.03"]
[Round "2"]
[White "Let_it_be_1"]
[Black "OYAcosta"]
[Result "1/2-1/2"]
[WhiteElo "2640"]
[BlackElo "2178"]
[TimeControl "180+1"]
[EndTime "14:15:21 PDT"]
[Termination "Game drawn by repetition"]

1. e4 c6 2. d4 d5 3. Nd2 dxe4 4.
Nxe4 Bf5 5. Ng3 Bg6 6. N1e2 e6 7. Nf4 Bd6 8. c3 Qc7 9. Ngh5 Nf6 10. Nxg7+ Ke7 11. Ngh5 Nbd7 12. Nxf6 Nxf6 13. Nxg6+ hxg6 14. h3 c5 15. Bg5 Rh5 16. h4 Bf4 17. Be2 Rh7 18.
Rg1 Bxg5 19. hxg5 Ne4 20. Qd3 Qf4 21. Bf3 Nxg5 22. dxc5 Rd8 23. Qe3 Nxf3+ 24. gxf3 Qf5 25. Rd1 Rxd1+ 26. Kxd1 Qb1+ 27. Qc1 Qd3+ 28. Qd2 Qb1+ 29. Qc1 Qd3+ 30. Qd2 Qb1+ 31. Qc1 1/2-1/2

[Event "Late-Titled-Tuesday-Blitz-October-03-2023"]
[Site "Chess.com"]
[Date "2023.10.03"]
[Round "2"]
[White "Caisachess"]
[Black "AlejandroBalde"]
[Result "1-0"]
[WhiteElo "2415"]
[BlackElo "2102"]
[TimeControl "180+1"]
[EndTime "14:15:21 PDT"]
[Termination "Caisachess won on time"]

1. e4 c5 2. c3 d5 3. exd5 Qxd5 4. d4 cxd4 5. cxd4 e6 6. Nf3 Nf6 7. Nc3 Bb4 8. Bd3 O-O 9. O-O Qd8 10. Bg5 Be7 11. Bc2 b6 12. Re1 Bb7 13. Qd3 g6 14. Rad1 Nd5 15. Qd2 Bxg5 16. Nxg5 Nd7 17. h4 N7f6 18. a3 a6 19. Nce4 Rc8 20. Bd3 a5 21. Bb1 Qd7 22. Nf3 Nxe4 23. Bxe4 Nf6 24. Bxb7 Qxb7 25. Qf4 Nd5 26. Qh6 f6 27. Rxe6 Qg7 28.
Qd2 Rc7 29. Rde1 Rfc8 30. Re8+ Rxe8 31. Rxe8+ Kf7 32. Re1 f5 33. Qe2 Re7 34. Qc4 1-0

[Event "Late-Titled-Tuesday-Blitz-October-03-2023"]
[Site "Chess.com"]
[Date "2023.10.03"]
[Round "2"]
[White "UK_23"]
[Black "Gyulamiryan-koryun"]
[Result "1-0"]
[WhiteElo "2400"]
[BlackElo "1987"]
[TimeControl "180+1"]
[EndTime "14:15:23 PDT"]
[Termination "UK_23 won on time"]

1. e4 e5 2. Nf3 Nc6 3. Bc4 Nf6 4. d3 Be7 5. O-O O-O 6. Re1 d6 7. a4 Be6 8. Bxe6 fxe6 9. c3 d5 10. Nbd2 d4 11. Qb3 Qc8 12. a5 Kh8 13. Nc4 Nd7 14.
cxd4 Nxd4 15. Nxd4 exd4 16. e5 Nc5 17. Qd1 Bh4 18.
g3 Be7 19. b4 Nd7 20. Bd2 c5 21. b5 b6 22. Qe2 Rf5 23. f4 Qc7 24. Qe4 Raf8 25.
Qc6 Qxc6 26. bxc6 Nb8 27. axb6 axb6 28. c7 Nc6 29. Nxb6 c4 30. dxc4 Bc5 31. c8=Q Rxc8 32. Nxc8 d3+ 33. Kg2 h5 34. h4 Rf8 35. Nd6 Nd4 36. Reb1 Kh7 37. Ne4 1-0

[Event "Late-Titled-Tuesday-Blitz-October-03-2023"]
[Site "Chess.com"]
[Date "2023.10.03"]
[Round "2"]
[White "dropstoneDP"]
[Black "Malev212"]
[Result "1-0"]
[WhiteElo "3082"]
[BlackElo "2626"]
[TimeControl "180+1"]
[EndTime "14:15:26 PDT"]
[Termination "dropstoneDP won by resignation"]

1. e4 g6 2. d4 Bg7 3. Nf3 d6 4. Bd3 e5 5. dxe5 dxe5 6. O-O Nd7 7. Be3 Ngf6 8. Nbd2 O-O 9. Nc4 Ng4 10. Bg5 f6 11. Bd2 Nh6 12. Bb4 Re8 13. Ne3 Nf7 14. Bc4 c6 15. a4 a5 16. Ba3 Bf8 17. Bxf8 Nxf8 18.
Qb1 Ne6 19. Qa2 Nd6 20. Rad1 Qe7 21. Rfe1 Kg7 22. Nd2 Nc5 23. f3 h5 24. Qa3 Ne6 25.
Nb3 Nf7 26. Qxe7 Rxe7 27. Bf1 h4 28. Nc4 b5 29. axb5 a4 30. Nb6 Rb8 31. Nxc8 Rxc8 32. Na1 cxb5 33. Bxb5 Ra7 34. Bd7 1-0

[Event "Late-Titled-Tuesday-Blitz-October-03-2023"]
[Site "Chess.com"]
[Date "2023.10.03"]
[Round "2"]
[White "semchik73"]
[Black "Ali_rastbod"]
[Result "0-1"]
[WhiteElo "2423"]
[BlackElo "2698"]
[TimeControl "180+1"]
[EndTime "14:15:27 PDT"]
[Termination "Ali_rastbod won by checkmate"]

1. Nf3 g6 2. c4 Bg7 3. d4 d6 4.
Nc3 e5 5. dxe5 dxe5 6. Qxd8+ Kxd8 7. e4 f6 8. Be3 Bh6 9. Nd5 Bxe3 10. Nxe3 c6 11. O-O-O+ Kc7 12. c5 Nh6 13. h3 b6 14.
cxb6+ axb6 15. a3 Be6 16. Bc4 Bxc4 17. Nxc4 b5 18. Ne3 Nd7 19. Ng4 Nf7 20. Kb1 h5 21. Ne3 Nc5 22. Nd2 Ng5 23. f3 Nge6 24. Rc1 Kb6 25.
Rc3 Rhd8 26. Nb3 Na4 27. Rhc1 Nxc3+ 28. Rxc3 Nd4 29. Nc5 Rd6 30. a4 Ne6 31. axb5 Nxc5 32. Nc4+ Kc7 33. Nxd6 Kxd6 34. bxc6 Rb8 35. c7 Rc8 36. b4 Ne6 37. Ra3 Rxc7 38. Ra6+ Rc6 39. Ra8 Rb6 40. Ra4 Nc5 41. Ra8 Rxb4+ 42. Kc2 Ne6 43.
Ra6+ Kd7 44. Ra7+ Nc7 45. Ra5 h4 46. Ra7 g5 47. Kc3 Rb1 48. Ra2 Nb5+ 49. Kc4 Nd6+ 50. Kc5 Rb5# 0-1